| TOP OF THE 1ST |
|
University of Michigan Wolverines batting - Pitching for University of Illinois Fighting Illini : RHP Roger Whitaker
|
|
Pitching: RHP Roger Whitaker
|
|
|
Batting: RHB Chris Williamson
|
0-0: Called Strike 0-1: Foul Ball, location: 2F 0-2: Ball 1-2: Strikes out looking
|
|
Batting: LHB Omar Gutierrez
|
0-0: Fly out, F9 (Flyball, 9LM, EV 91.2 MPH)
|
|
Batting: RHB Danny Arroyo
|
0-0: Called Strike 0-1: Swinging Strike 0-2: Ball 1-2: Strikes out swinging
|
| Top of the 1st over - 0 runs, 0 hits, 0 errors, 0 left on base; University of Michigan 0 - University of Illinois 0 |
| BOTTOM OF THE 1ST |
|
University of Illinois Fighting Illini batting - Pitching for University of Michigan Wolverines : RHP Henrik Berg
|
|
Pitching: RHP Henrik Berg
|
|
|
Batting: SHB Dan Strickland
|
0-0: Ball 1-0: Ball 2-0: Foul Ball, location: 2F 2-1: Ball 3-1: Base on Balls
|
|
Batting: RHB Lance Borgen
|
0-0: SINGLE (Flyball, 9LS, EV 93.1 MPH) Dan Strickland to second Runner from 2nd tries for 3rd, SAFE, throw by RF made to third
|
|
Batting: RHB Caleb Dean
|
0-0: Called Strike 0-1: Foul Ball, location: 2F 0-2: Grounds into double play, U6-3 (Groundball, 4M, EV 81.2 MPH) Dan Strickland scores
|
|
Batting: LHB Victor Altagracia
|
0-0: Ball 1-0: Ball 2-0: Swinging Strike 2-1: Called Strike 2-2: Ball 3-2: Strikes out swinging
|
| Bottom of the 1st over - 1 run, 1 hit, 0 errors, 0 left on base; University of Michigan 0 - University of Illinois 1 |
| TOP OF THE 2ND |
|
University of Michigan Wolverines batting - Pitching for University of Illinois Fighting Illini : RHP Roger Whitaker
|
|
Batting: RHB Quirino Portel
|
0-0: Foul Ball, location: 2F 0-1: Foul Ball, location: 2F 0-2: Ball 1-2: Foul Ball, location: 2F 1-2: Foul Ball, location: 2F 1-2: Foul Ball, location: 2F 1-2: Ball 2-2: Foul Ball, location: 2F 2-2: Strikes out swinging
|
|
Pitching: RHP Bryan Schauman
|
|
|
Batting: LHB Lance Sabo
|
0-0: Called Strike 0-1: Foul Ball, location: 2F 0-2: Fly out, F9 (Line Drive, 9, EV 105.0 MPH)
|
|
Batting: RHB Aaron Marakovits
|
0-0: Called Strike 0-1: Called Strike 0-2: Strikes out swinging
|
| Top of the 2nd over - 0 runs, 0 hits, 0 errors, 0 left on base; University of Michigan 0 - University of Illinois 1 |
| BOTTOM OF THE 2ND |
|
University of Illinois Fighting Illini batting - Pitching for University of Michigan Wolverines : RHP Henrik Berg
|
|
Batting: LHB Mike Murphy
|
0-0: Ball 1-0: Swinging Strike 1-1: Ball 2-1: Called Strike 2-2: Strikes out swinging
|
|
Batting: SHB Bernie Gallegos
|
0-0: Called Strike 0-1: Ball 1-1: Ball 2-1: DOUBLE (Line Drive, 5D, EV 96.2 MPH)
|
|
Batting: RHB Damien Blot
|
0-0: Ball 1-0: 2-RUN HOME RUN (Flyball, 78XD, EV 113.1 MPH), Distance : 437 ft
|
|
Batting: LHB Matt Highfill
|
0-0: Swinging Strike 0-1: Called Strike 0-2: Ball 1-2: Strikes out swinging
|
|
Batting: RHB Hector Flores
|
0-0: Ball 1-0: Ball 2-0: Called Strike 2-1: Fly out, F6 (Popup, 15S, EV 92.5 MPH)
|
| Bottom of the 2nd over - 2 runs, 2 hits, 0 errors, 0 left on base; University of Michigan 0 - University of Illinois 3 |
| TOP OF THE 3RD |
|
University of Michigan Wolverines batting - Pitching for University of Illinois Fighting Illini : RHP Bryan Schauman
|
|
Batting: RHB Mario Cruz
|
0-0: Called Strike 0-1: Ball 1-1: Foul Ball, location: 2F 1-2: Foul Ball, location: 2F 1-2: Strikes out swinging
|
|
Batting: LHB Murdock Cranton
|
0-0: Foul Ball, location: 2F 0-1: SINGLE (Groundball, 4MD, EV 101.9 MPH)
|
|
Batting: RHB Torsten Ernst
|
0-0: Foul Ball, location: 2F 0-1: Ball 1-1: Ball 2-1: Ball 3-1: Base on Balls Murdock Cranton to second
|
|
Pitching: RHP Ross Ledford
|
|
|
Batting: RHB Chris Williamson
|
0-0: Swinging Strike 0-1: Foul Ball, location: 2F 0-2: Ball 1-2: Strikes out swinging
|
|
Batting: LHB Omar Gutierrez
|
0-0: Foul Ball, location: 2F 0-1: Ball 1-1: SINGLE (Groundball, 34D, EV 103.1 MPH) Murdock Cranton to third Torsten Ernst to second
|
|
Batting: RHB Danny Arroyo
|
0-0: Foul Ball, location: 2F 0-1: Swinging Strike 0-2: Ground out 4-3 (Groundball, 4, EV 85.6 MPH)
|
| Top of the 3rd over - 0 runs, 2 hits, 0 errors, 3 left on base; University of Michigan 0 - University of Illinois 3 |
| BOTTOM OF THE 3RD |
|
University of Illinois Fighting Illini batting - Pitching for University of Michigan Wolverines : RHP Henrik Berg
|
|
Batting: SHB Dan Strickland
|
0-0: Ball 1-0: Ball 2-0: Ball 3-0: Called Strike 3-1: Base on Balls
|
|
Batting: RHB Lance Borgen
|
0-0: Foul Ball, location: 2F 0-1: Ball 1-1: Hit by Pitch Dan Strickland to second
|
|
Batting: RHB Caleb Dean
|
0-0: Ball 1-0: Foul Ball, location: 2F 1-1: Grounds into double play, 4-6-3 (Groundball, 4, EV 88.8 MPH) Dan Strickland to third
|
|
Batting: LHB Victor Altagracia
|
0-0: Ball 1-0: Swinging Strike 1-1: Foul Ball, location: 2F 1-2: Strikes out swinging
|
| Bottom of the 3rd over - 0 runs, 0 hits, 0 errors, 1 left on base; University of Michigan 0 - University of Illinois 3 |
| TOP OF THE 4TH |
|
University of Michigan Wolverines batting - Pitching for University of Illinois Fighting Illini : RHP Ross Ledford
|
|
Batting: RHB Quirino Portel
|
0-0: Called Strike 0-1: Ball 1-1: DOUBLE (Line Drive, 78M, EV 94.4 MPH)
|
|
Batting: LHB Lance Sabo
|
0-0: Ball 1-0: Ball 2-0: Ground out 4-3 (Groundball, 4, EV 81.2 MPH) Quirino Portel to third
|
|
Batting: RHB Aaron Marakovits
|
0-0: Ball 1-0: Fly out, F9 (Flyball, 89D, EV 106.9 MPH) Runner from 3rd tags up, SCORES, no throw by RF
|
|
Batting: RHB Mario Cruz
|
0-0: Ground out 6-3 (Groundball, 6, EV 80.6 MPH)
|
| Top of the 4th over - 1 run, 1 hit, 0 errors, 0 left on base; University of Michigan 1 - University of Illinois 3 |
| BOTTOM OF THE 4TH |
|
University of Illinois Fighting Illini batting - Pitching for University of Michigan Wolverines : RHP Henrik Berg
|
|
Batting: LHB Mike Murphy
|
0-0: Ball 1-0: Ball 2-0: Called Strike 2-1: Ball 3-1: Base on Balls
|
|
Batting: SHB Bernie Gallegos
|
0-0: Swinging Strike 0-1: SINGLE (Groundball, 4M, EV 107.5 MPH) (infield hit) Mike Murphy to second
|
|
Batting: RHB Damien Blot
|
0-0: Sac Bunt to 23 - play at first, batter OUT! 3-4 Mike Murphy to third Bernie Gallegos to second
|
|
Batting: LHB Matt Highfill
|
0-0: Foul Ball, location: 2F 0-1: Swinging Strike 0-2: Foul Ball, location: 2F 0-2: Ball 1-2: Foul Ball, location: 2F 1-2: Strikes out swinging
|
|
Batting: RHB Hector Flores
|
0-0: Ball 1-0: Swinging Strike 1-1: Ground out 5-3 (Groundball, 5S, EV 93.8 MPH)
|
| Bottom of the 4th over - 0 runs, 1 hit, 0 errors, 2 left on base; University of Michigan 1 - University of Illinois 3 |
| TOP OF THE 5TH |
|
University of Michigan Wolverines batting - Pitching for University of Illinois Fighting Illini : RHP Ross Ledford
|
|
Batting: LHB Murdock Cranton
|
0-0: Ball 1-0: SINGLE (Flyball, 89S, EV 90.6 MPH)
|
|
Batting: RHB Torsten Ernst
|
0-0: Ball 1-0: Ball 2-0: Called Strike 2-1: Swinging Strike 2-2: Ball 3-2: Strikes out swinging
|
|
Batting: RHB Chris Williamson
|
0-0: Called Strike 0-1: Foul Ball, location: 2F 0-2: Strikes out swinging
|
|
Batting: LHB Omar Gutierrez
|
0-0: Ball 1-0: Ground out 4-3 (Groundball, 34, EV 82.5 MPH)
|
| Top of the 5th over - 0 runs, 1 hit, 0 errors, 1 left on base; University of Michigan 1 - University of Illinois 3 |
| BOTTOM OF THE 5TH |
|
University of Illinois Fighting Illini batting - Pitching for University of Michigan Wolverines : RHP Henrik Berg
|
|
Batting: SHB Dan Strickland
|
0-0: Called Strike 0-1: Swinging Strike 0-2: Foul Ball, location: 2F 0-2: Foul Ball, location: 9LSF, Error on foul ball, E9 0-2: SINGLE (Flyball, 56D, EV 90.6 MPH)
|
|
Batting: RHB Lance Borgen
|
0-0: Ball 1-0: Called Strike 1-1: Fielders Choice at 2nd, 4-6 (Groundball, 34, EV 88.8 MPH)
|
|
Batting: RHB Caleb Dean
|
0-0: Called Strike 0-1: Ball 1-1: SINGLE (Line Drive, 56D, EV 98.8 MPH) Lance Borgen to second
|
|
Batting: LHB Victor Altagracia
|
0-0: Ball 1-0: Foul Ball, location: 2F 1-1: Ball 2-1: Called Strike 2-2: Ball 3-2: Strikes out swinging
|
|
Batting: LHB Mike Murphy
|
0-0: Ball 1-0: Ball 2-0: Ball 3-0: Called Strike 3-1: Swinging Strike 3-2: Foul Ball, location: 2F 3-2: Base on Balls Lance Borgen to third Caleb Dean to second
|
|
Batting: SHB Bernie Gallegos
|
0-0: Ball 1-0: Called Strike 1-1: SINGLE (Line Drive, 7S, EV 99.4 MPH) Lance Borgen scores Caleb Dean to third Mike Murphy to second Runner from 3rd tries for Home, SAFE, throw by LF to home
|
|
Batting: RHB Damien Blot
|
0-0: Ball 1-0: Foul Ball, location: 2F 1-1: DOUBLE (Line Drive, 89M, EV 106.9 MPH) Mike Murphy scores Bernie Gallegos to third Runner from 3rd tries for Home, SAFE, throw by RF to home
|
|
Batting: LHB Matt Highfill
|
0-0: 2-RUN HOME RUN (Line Drive, 89XD, EV 103.8 MPH) (Inside the Park)
|
|
Batting: RHB Hector Flores
|
0-0: SOLO HOME RUN (Flyball, 9LD, EV 98.1 MPH), Distance : 371 ft
|
|
Batting: SHB Dan Strickland
|
0-0: Ball 1-0: SINGLE (Groundball, 4MD, EV 105.6 MPH)
|
|
Batting: RHB Lance Borgen
|
0-0: Ball 1-0: Ball 2-0: Called Strike 2-1: Called Strike 2-2: Ball 3-2: Base on Balls Dan Strickland to second
|
|
Batting: RHB Caleb Dean
|
0-0: Foul Ball, location: 2F 0-1: Ball 1-1: Swinging Strike 1-2: Ball 2-2: Strikes out swinging
|
| Bottom of the 5th over - 7 runs, 7 hits, 1 error, 2 left on base; University of Michigan 1 - University of Illinois 10 |
| TOP OF THE 6TH |
|
University of Michigan Wolverines batting - Pitching for University of Illinois Fighting Illini : RHP Ross Ledford
|
|
Batting: RHB Danny Arroyo
|
0-0: SOLO HOME RUN (Flyball, 78XD, EV 111.9 MPH), Distance : 424 ft
|
|
Batting: RHB Quirino Portel
|
0-0: Foul Ball, location: 2F 0-1: Ball 1-1: Foul Ball, location: 2F 1-2: Strikes out swinging
|
|
Batting: LHB Lance Sabo
|
0-0: Swinging Strike 0-1: Ball 1-1: Ball 2-1: Foul Ball, location: 2F 2-2: Foul Ball, location: 2F 2-2: Foul Ball, location: 2F 2-2: Strikes out swinging
|
|
Batting: RHB Aaron Marakovits
|
0-0: Ball 1-0: Foul Ball, location: 2F 1-1: Ball 2-1: SINGLE (Flyball, 5D, EV 85.6 MPH)
|
|
Batting: RHB Mario Cruz
|
0-0: Called Strike 0-1: Foul Ball, location: 2F 0-2: Foul Ball, location: 2F 0-2: Foul Ball, location: 2F 0-2: Ball 1-2: Foul Ball, location: 2F 1-2: Strikes out looking
|
| Top of the 6th over - 1 run, 2 hits, 0 errors, 1 left on base; University of Michigan 2 - University of Illinois 10 |
| BOTTOM OF THE 6TH |
|
University of Illinois Fighting Illini batting - Pitching for University of Michigan Wolverines : RHP Henrik Berg
|
|
Batting: LHB Victor Altagracia
|
0-0: Ball 1-0: Called Strike 1-1: Swinging Strike 1-2: Foul Ball, location: 2F 1-2: Foul Ball, location: 2F 1-2: Foul Ball, location: 2F 1-2: Strikes out swinging
|
|
Batting: LHB Mike Murphy
|
0-0: Called Strike 0-1: Ground out 4-3 (Groundball, 4, EV 105.6 MPH)
|
|
Batting: SHB Bernie Gallegos
|
0-0: Called Strike 0-1: Ball 1-1: Ball 2-1: Ball 3-1: Base on Balls
|
|
Batting: RHB Damien Blot
|
0-0: Ball 1-0: Ball 2-0: Ball 3-0: Base on Balls Bernie Gallegos to second
|
|
Batting: LHB Matt Highfill
|
0-0: SINGLE (Groundball, 3D, EV 101.2 MPH) Bernie Gallegos to third Damien Blot to second Runner from 3rd tries for Home, SAFE, throw by RF to home
|
|
Batting: RHB Hector Flores
|
0-0: Foul Ball, location: 2F 0-1: SINGLE (Groundball, 4MD, EV 98.8 MPH) Damien Blot to third Matt Highfill to second Runner from 3rd tries for Home, SAFE, throw by CF to home
|
|
Batting: SHB Dan Strickland
|
0-0: Ball 1-0: Called Strike 1-1: Ball 2-1: Ball 3-1: Base on Balls Matt Highfill to third Hector Flores to second
|
|
Batting: RHB Lance Borgen
|
0-0: Fly out, F8 (Flyball, 8RM, EV 93.8 MPH)
|
| Bottom of the 6th over - 2 runs, 2 hits, 0 errors, 3 left on base; University of Michigan 2 - University of Illinois 12 |
| TOP OF THE 7TH |
|
University of Michigan Wolverines batting - Pitching for University of Illinois Fighting Illini : RHP Ross Ledford
|
|
Batting: LHB Murdock Cranton
|
0-0: Ball 1-0: Swinging Strike 1-1: Ball 2-1: Ball 3-1: Foul Ball, location: 2F 3-2: Foul Ball, location: 2F 3-2: Base on Balls
|
|
Batting: RHB Torsten Ernst
|
0-0: Ball 1-0: Foul Ball, location: 2F 1-1: Ball 2-1: Foul Ball, location: 2F 2-2: Strikes out swinging
|
|
Batting: RHB Chris Williamson
|
0-0: Ball 1-0: Foul Ball, location: 2F 1-1: Ball 2-1: SINGLE (Flyball, 4MD, EV 86.9 MPH) Murdock Cranton to second
|
|
Batting: LHB Omar Gutierrez
|
0-0: Bunted foul 0-1: Reached on error, E1 (Groundball, 15, EV 43.8 MPH) Murdock Cranton to third Chris Williamson to second
|
|
Batting: RHB Danny Arroyo
|
0-0: Ball 1-0: Called Strike 1-1: Foul Ball, location: 2F 1-2: SINGLE (Groundball, 56D, EV 102.5 MPH) Murdock Cranton scores Chris Williamson to third Omar Gutierrez to second
|
|
Batting: RHB Quirino Portel
|
0-0: Ball 1-0: Fielders Choice at 2nd, 5-4 (Groundball, 56S, EV 86.2 MPH) Chris Williamson scores Omar Gutierrez to third
|
|
Batting: LHB Lance Sabo
|
0-0: Ball 1-0: Swinging Strike 1-1: Swinging Strike 1-2: Ball 2-2: Fly out, F8 (Line Drive, 89M, EV 100.0 MPH)
|
| Top of the 7th over - 2 runs, 2 hits, 1 error, 2 left on base; University of Michigan 4 - University of Illinois 12 |
| BOTTOM OF THE 7TH |
|
University of Illinois Fighting Illini batting - Pitching for University of Michigan Wolverines : RHP Henrik Berg
|
|
Batting: RHB Caleb Dean
|
0-0: SINGLE (Line Drive, 6D, EV 106.9 MPH)
|
|
Batting: LHB Victor Altagracia
|
0-0: Grounds into double play, 4-6-3 (Groundball, 34, EV 105.0 MPH)
|
|
Batting: LHB Mike Murphy
|
0-0: SINGLE (Groundball, 34D, EV 96.9 MPH)
|
|
Batting: SHB Bernie Gallegos
|
0-0: SINGLE (Line Drive, 4M, EV 95.6 MPH) Mike Murphy to second Runner from 2nd tries for 3rd, SAFE, throw by CF made to third
|
|
Batting: RHB Damien Blot
|
0-0: Ball 1-0: Ball 2-0: Ball 3-0: Base on Balls Bernie Gallegos to second
|
|
Batting: LHB Matt Highfill
|
0-0: Called Strike 0-1: Foul Ball, location: 2F 0-2: Ball 1-2: Ball 2-2: Ball 3-2: Base on Balls Mike Murphy scores Bernie Gallegos to third Damien Blot to second
|
|
Batting: RHB Hector Flores
|
0-0: Called Strike 0-1: Foul Ball, location: 2F 0-2: Fly out, F8 (Line Drive, 78M, EV 94.4 MPH)
|
| Bottom of the 7th over - 1 run, 3 hits, 0 errors, 3 left on base; University of Michigan 4 - University of Illinois 13 |
| TOP OF THE 8TH |
|
University of Michigan Wolverines batting - Pitching for University of Illinois Fighting Illini : RHP Ross Ledford
|
|
Batting: RHB Aaron Marakovits
|
0-0: Called Strike 0-1: Ball 1-1: Ground out 6-3 (Groundball, 6, EV 97.5 MPH)
|
|
Batting: RHB Mario Cruz
|
0-0: Swinging Strike 0-1: Called Strike 0-2: Strikes out swinging
|
|
Batting: LHB Murdock Cranton
|
0-0: SINGLE (Groundball, 6MD, EV 103.8 MPH)
|
|
Batting: RHB Torsten Ernst
|
0-0: Ball 1-0: Swinging Strike 1-1: Foul Ball, location: 2F 1-2: Ball 2-2: Foul Ball, location: 2F 2-2: Strikes out swinging
|
| Top of the 8th over - 0 runs, 1 hit, 0 errors, 1 left on base; University of Michigan 4 - University of Illinois 13 |
| BOTTOM OF THE 8TH |
|
University of Illinois Fighting Illini batting - Pitching for University of Michigan Wolverines : RHP Henrik Berg
|
|
Batting: SHB Dan Strickland
|
0-0: Called Strike 0-1: Ball 1-1: Swinging Strike 1-2: Ball 2-2: Foul Ball, location: 2F 2-2: Ball 3-2: Base on Balls
|
|
Batting: RHB Lance Borgen
|
0-0: Ball 1-0: SINGLE (Groundball, 6D, EV 100.0 MPH) Dan Strickland to second
|
|
Batting: RHB Caleb Dean
|
0-0: Ball 1-0: Ball 2-0: Ball 3-0: Base on Balls Dan Strickland to third Lance Borgen to second
|
|
Batting: LHB Victor Altagracia
|
0-0: Called Strike 0-1: Fly out, F7 (Flyball, 7, EV 79.4 MPH) Runner from 3rd tags up, SCORES, throw by LF
|
|
Batting: LHB Mike Murphy
|
0-0: Swinging Strike 0-1: Ball 1-1: Ball 2-1: Foul Ball, location: 2F 2-2: Strikes out swinging
|
|
Batting: SHB Bernie Gallegos
|
0-0: DOUBLE (Line Drive, 7LS, EV 94.4 MPH) Lance Borgen scores Caleb Dean to third
|
|
Batting: RHB Damien Blot
|
0-0: SINGLE (Line Drive, 8LS, EV 103.1 MPH) Caleb Dean scores Bernie Gallegos to third Runner from 3rd tries for Home, SAFE, throw by CF to home
|
|
Batting: LHB Matt Highfill
|
0-0: Ball Wild Pitch! Damien Blot to second 1-0: Called Strike 1-1: Swinging Strike 1-2: Foul Ball, location: 2F 1-2: Foul Ball, location: 2F 1-2: Ball 2-2: Ball 3-2: Foul Ball, location: 2F 3-2: Base on Balls
|
|
Batting: RHB Hector Flores
|
0-0: Called Strike 0-1: Ball 1-1: Foul Ball, location: 2F 1-2: Strikes out swinging wild pitch, reaches first! Damien Blot to third Matt Highfill to second
|
|
Batting: SHB Dan Strickland
|
0-0: Called Strike 0-1: Called Strike 0-2: Ground out 5-3 (Groundball, 56S, EV 79.4 MPH)
|
| Bottom of the 8th over - 4 runs, 3 hits, 0 errors, 3 left on base; University of Michigan 4 - University of Illinois 17 |
| TOP OF THE 9TH |
|
University of Michigan Wolverines batting - Pitching for University of Illinois Fighting Illini : RHP Ross Ledford
|
|
Batting: RHB Chris Williamson
|
0-0: Ground out 6-3 (Groundball, 6M, EV 101.9 MPH)
|
|
Batting: LHB Omar Gutierrez
|
0-0: Swinging Strike 0-1: Ball 1-1: Swinging Strike 1-2: Ball 2-2: Strikes out swinging
|
|
Batting: RHB Danny Arroyo
|
0-0: Ball 1-0: Foul Ball, location: 2F 1-1: Foul Ball, location: 2F 1-2: Strikes out swinging
|
| Top of the 9th over - 0 runs, 0 hits, 0 errors, 0 left on base; University of Michigan 4 - University of Illinois 17 |
|